 Dungeon Crawl Stone Soup version 0.20.1-1-g8b1a95d (webtiles) character file.

382 ReteAZ the Chopper (level 6, -6/57 HPs)
             Began as a Deep Dwarf Fighter on July 30, 2017.
             Was an Initiate of Makhleb.
             Mangled by an ogre
             ... wielding a +0 giant club
              (20 damage)
             ... on level 4 of the Dungeon.
             The game lasted 00:16:37 (3188 turns).

ReteAZ the Chopper (Deep Dwarf Fighter)             Turns: 3188, Time: 00:16:38

Health: -6/57      AC:  8    Str: 19    XL:     6   Next: 47%
Magic:  6/6        EV:  7    Int: 11    God:    Makhleb [......]
Gold:   61         SH: 13    Dex: 12    Spells: 5/5 levels left

rFire    . . .     SeeInvis .   i - +2 whip (elec)
rCold    . . .     Gourm    .   c - +0 shield
rNeg     . . .     Faith    .   b - +1 scale mail
rPois    .         Spirit   .   (no helmet)
rElec    .         Reflect  +   (no cloak)
rCorr    .         Harm     .   (no gloves)
MR       .....                  (no boots)
Stlth    ..........             h - +4 amulet of reflection
Regen    0.0/turn               (no ring)
MPRegen  0.1/turn               (no ring)

@: non-regenerating
A: damage resistance, heal wounds, sense surroundings 1, no regeneration
a: Heal Wounds, Renounce Religion


You were on level 4 of the Dungeon.
You worshipped Makhleb.
Makhleb was noncommittal.
You were hungry.

You visited 2 branches of the dungeon, and saw 5 of its levels.
You also visited: Sewer.

You collected 157 gold pieces.
You spent 96 gold pieces at shops.

Inventory:

Hand Weapons
 a - a +0 war axe
 i - a +2 whip of electrocution (weapon)
Missiles
 k - 6 tomahawks (quivered)
Armour
 b - a +1 scale mail (worn)
 c - a +0 shield (worn)
Jewellery
 h - a +4 amulet of reflection (around neck)
 m - an uncursed ring of resist corrosion {unknown}
Wands
 q - a wand of digging (9/24)
Scrolls
 e - 2 scrolls of amnesia
 j - 2 scrolls of blinking
 p - 3 scrolls of teleportation
 r - 2 scrolls of immolation
 t - 2 scrolls of fear
 y - a scroll of identify
Potions
 d - a potion of might
 g - 3 potions of lignification {unknown}
 l - 2 potions of heal wounds
 n - a potion of resistance {unknown}
 u - 2 potions of agility {unknown}
 v - 2 potions of curing
 x - 2 potions of brilliance {unknown}
 z - a potion of flight {unknown}
Comestibles
 f - 3 bread rations
 o - a meat ration
 s - a fruit
 w - 2 royal jellies


   Skills:
 * Level 3.9 Fighting
 - Level 5.6 Axes
 - Level 5.0 Armour
 + Level 0.4 Dodging
 - Level 3.2 Shields


You had 5 spell levels left.
You didn't know any spells.

Dungeon Overview and Level Annotations

Branches:
Dungeon (4/15)             Temple (1/1) D:4

Altars:
Ashenzari
Cheibriados
Dithmenos
Elyvilon
Fedhas
Gozag
Kikubaaqudgha
Makhleb
Qazlal
Ru
Sif Muna
Trog
Vehumet
Xom
Yredelemnul
Zin
The Shining One

Shops:
D:4 :!:


Innate Abilities, Weirdness & Mutations

You are resistant to damage.
You can heal yourself by infusing magical energy.
You passively map a small area around you.
You do not regenerate.


Message History

You throw a tomahawk. The tomahawk barely misses the ogre.
You hit the ogre.
The ogre is lightly wounded.
The ogre hits you but does no damage.
You barely miss the ogre.
The ogre is lightly wounded.
You hit the ogre.
The ogre is lightly wounded.
The ogre barely misses you.
You whack the ogre!
The ogre is heavily wounded.
The ogre hits you with a giant club!
* * * LOW HITPOINT WARNING * * *
You barely miss the ogre.
The ogre is heavily wounded.
You block the ogre's attack.
You closely miss the ogre.
The ogre is heavily wounded.
The ogre hits you with a giant club!!
You die...

#...........# ####'##
#.########### #......
#.#<#.......# #......
#.#'#(#####.# #.....O
#.....(.....#########......
#........................#.
#..........############..#.
#.......#O##### #..#.
#...∩....∩@...#############
#.......#.#..>...#...#...#.
##............####.⌠.#.⌠...
#.......(.##.# #...#...#.
#.........##.# ##.###.###
#.........##.####)..#...#.
############....#.⌠...⌠.).
#.....#...#...#.
#.....##.###.###


You could see an ogre.

Vanquished Creatures
  A crocodile (Sewer)
  A water moccasin skeleton (D:4)
  An orc priest (D:4)
  2 orc wizards
  2 worker ants
  3 adders (D:3)
  3 worms
  3 dart slugs (D:1)
  2 leopard geckos
  8 orcs
  A ball python (D:1)
  7 giant cockroaches
  5 goblins
  7 hobgoblins
  5 jackals
  10 kobolds
  3 quokkas
  7 bats
  4 frilled lizards
  9 rats
84 creatures vanquished.

Notes
Turn   | Place    | Note
-------+----------+-------------------------------------------
     0 | D:1      | ReteAZ the Deep Dwarf Fighter began the quest for the Orb.
     0 | D:1      | Reached XP level 1. HP: 20/20 MP: 1/1
    93 | D:1      | Reached XP level 2. HP: 27/27 MP: 2/2
   428 | D:1      | Reached XP level 3. HP: 33/33 MP: 3/3
   533 | D:1      | You fall through a shaft!
  1134 | D:2      | Found a bloodstained altar of Trog.
  1282 | D:3      | Reached XP level 4. HP: 40/40 MP: 4/4
  1615 | D:3      | Found an opulent altar of Gozag.
  1698 | D:3      | Found a glowing drain.
  1715 | D:3      | Reached XP level 5. HP: 32/49 MP: 5/5
  1727 | Sewer    | Entered a sewer
  1786 | Sewer    | Noticed a crocodile
  1794 | Sewer    | Killed a crocodile
  1794 | Sewer    | Reached skill level 5 in Axes
  2427 | D:4      | Found Yrhif's Book Shoppe.
  2466 | D:4      | Reached XP level 6. HP: 26/56 MP: 6/6
  2744 | D:4      | Reached skill level 5 in Armour
  2854 | D:4      | Found Eschemem's Book Emporium.
  2859 | D:4      | Found Xizeloiw's Distillery.
  2870 | D:4      | Bought a potion of curing for 36 gold pieces
  2912 | D:4      | Bought a potion of heal wounds for 60 gold pieces
  3012 | D:4      | Found a staircase to the Ecumenical Temple.
  3017 | Temple   | Entered the Ecumenical Temple
  3026 | Temple   | Became a worshipper of Makhleb the Destroyer
  3188 | D:4      | Mangled by an ogre

Skill      XL: |  1  2  3  4  5  6 |
---------------+-------------------+-----
Axes           | 3 4 5 |  5.6
Armour         | 4 5 |  5.0
Fighting       | 3 |  3.9
Dodging        | |  0.4
Shields        | |  3.2

Action                   |  1- 3 |  4- 6 || total
-------------------------+-------+-------++-------
Melee: War axe           |    15 |       ||    15
       Whip              |   109 |   157 ||   266
Throw: Stone             |     3 |     3 ||     6
       Tomahawk          |       |    11 ||    11
  Use: Scroll            |       |     8 ||     8
  Eat: Chunk             |     1 |     6 ||     7
Armor: Scale mail        |    34 |    70 ||   104
Dodge: Dodged            |    33 |    26 ||    59
Block: Shield            |    52 |    48 ||   100
